 Seeded DCSS version 0.29.1-15-g9cfb28693d (webtiles) character file.

Game seed: 16245865983455551772 (custom seed)

55714 Psyclone the Destroyer (level 14, -1/88 HPs)
             Began as a Deep Elf Conjurer on Sept 30, 2023.
             Was an Initiate of Gozag.
             Slain by a wyvern (8 damage)
             ... on level 3 of the Lair of Beasts.
             The game lasted 01:23:03 (25364 turns).

Psyclone the Destroyer (Deep Elf Conjurer)         Turns: 25364, Time: 01:23:03

Health: -1/88      AC: 13    Str:  4    XL:     14   Next: 39%
Magic:  2/32       EV: 13    Int: 56    God:    Gozag
Gold:   494        SH: 17    Dex:  9    Spells: 8/37 levels left

rFire   + + +      SeeInvis +   a - +1 dagger (venom)
rCold   + + .      Faith    .   b - +2 shield of Resistance {rF++ rC++ Will++}
rNeg    . . .      Spirit   .   c - +2 robe {Archmagi}
rPois   .          Reflect  +   d - +1 helmet {SInv}
rElec   +          Harm     .   e - +2 cloak {Stlth+}
rCorr   .          Rampage  .   f - +2 pair of gloves of Limited Liability {rF++ Int+8}
Will    +++..      Archmagi +   g - +0 pair of boots {Fly}
Stlth   +++.......              h - amulet of Zehiall {Reflect rElec Int+7 Dex-4 SH+5}
HPRegen 0.24/turn               i - +6 ring of intelligence
MPRegen 0.23/turn               j - +6 ring of intelligence

@: gold aura, flying
A: no striking features
a: Renounce Religion, Potion Petition, Call Merchant, Bribe Branch


You were on level 3 of the Lair of Beasts.
You worshipped Gozag.
Gozag was aware of your devotion.
You visited 4 branches of the dungeon, and saw 18 of its levels.
You also visited: Ice Cave.

You collected 6759 gold pieces.
You spent 1212 gold pieces at shops.
You paid 5053 gold pieces to Gozag.

Inventory:

Hand Weapons
 a - a +1 dagger of venom (weapon)
 I - a +0 dagger of electrocution
Armour
 b - the +2 shield of Resistance (worn) {rF++ rC++ Will++}
   (You acquired it on level 1 of the Dungeon)

   rF:        It greatly protects you from fire.
   rC:        It greatly protects you from cold.
   Will:      It greatly increases your willpower.
 c - a +2 robe of the Archmagi (worn)
 d - a +1 helmet of see invisible (worn)
 e - a +2 cloak of stealth (worn)
 f - the +2 pair of gloves of Limited Liability (worn) {rF++ Int+8}
   (You acquired it on level 1 of the Dungeon)

   Int:       It affects your intelligence (+8).
   rF:        It greatly protects you from fire.
 g - a +0 pair of boots of flying (worn)
 x - the +1 hat "Ucuef" {Will+ Slay+3 Stlth+}
   (You bought it in a shop on level 2 of the Orcish Mines)

   Slay:      It affects your accuracy & damage with ranged weapons and melee
   (+3).
   Will:      It increases your willpower.
   Stlth:     It makes you more stealthy.
Jewellery
 h - the amulet of Zehiall (around neck) {Reflect rElec Int+7 Dex-4 SH+5}
   (You acquired it on level 1 of the Dungeon)

   [amulet of reflection]

   It reflects blocked missile attacks.
   Int:       It affects your intelligence (+7).
   Dex:       It affects your dexterity (-4).
   rElec:     It insulates you from electricity.
   SH:        It affects your SH (+5).
 i - a +6 ring of intelligence (left hand)
 j - a +6 ring of intelligence (right hand)
 y - an amulet of magic regeneration
Wands
 p - a wand of roots (35)
 B - a wand of flame (116)
 E - a wand of charming (15)
 N - a wand of digging (4)
Scrolls
 k - 6 scrolls of teleportation
 m - 10 scrolls of identify {@r1}
 n - 3 scrolls of enchant weapon {unknown}
 o - a scroll of summoning
 q - 2 scrolls of noise {unknown}
 s - 3 scrolls of immolation {unknown}
 w - a scroll of silence {unknown}
 z - a scroll of butterflies {unknown}
 D - 8 scrolls of amnesia {unknown}
 G - 2 scrolls of poison {unknown}
 L - a scroll of magic mapping {unknown}
 O - a scroll of blinking
Potions
 l - 3 potions of lignification
 r - 5 potions of degeneration {unknown}
 t - 2 potions of berserk rage
 u - 7 potions of brilliance {unknown}
 v - a potion of haste {unknown}
 A - 2 potions of curing
 F - 3 potions of attraction {unknown}
 H - 3 potions of flight {unknown}
 J - 2 potions of cancellation {unknown}
 S - a potion of magic
Miscellaneous
 M - a lightning rod (4/4)
 Q - a piece from Xom's chessboard (15/15)


   Skills:
 - Level 10.0 Fighting
 - Level 10.0 Dodging
 - Level 2.5 Stealth
 - Level 10.0 Shields
 - Level 12.0 Spellcasting
 + Level 13.9 Conjurations
 - Level 6.0 Hexes
 - Level 10.0 Poison Magic


You had 8 spell levels left.
You knew the following spells:

 Your Spells              Type           Power      Damage    Failure   Level
a - Magic Dart            Conj           100%       1d8       0%          1
b - Searing Ray           Conj           100%       2d8       0%          2
d - Fulminant Prism       Conj/Hex       60%        3d27      1%          4
e - Iskenderun's Mystic   Conj/Tloc      100%       2d19      1%          4
g - Orb of Destruction    Conj           68%        9d16      3%          7
q - Blink                 Tloc           100%       N/A       1%          2
r - Swiftness             Air            50%        N/A       3%          3
v - Poisonous Vapours     Pois/Air       100%       N/A       1%          2
x - Olgreb's Toxic Radia  Pois           100%       N/A       1%          4

Your spell library contained the following spells:

 Spells                   Type           Power      Damage    Failure   Level
 Shock                    Conj/Air       100%       1d9       1%          1
 Sting                    Tmut/Pois      100%       1d8       1%          1
 Ensorcelled Hibernation  Hex/Ice        100%       N/A       1%          2
 Confusing Touch          Hex            100%       N/A       1%          3
 Dazzling Flash           Conj/Hex       100%       N/A       1%          3
 Spider Form              Tmut/Pois      94%        N/A       1%          3
 Summon Guardian Golem    Hex/Summ       79%        N/A       1%          3
 Lesser Beckoning         Tloc           50%        N/A       3%          3
 Anguish                  Hex/Necr       39%        N/A       3%          4
 Summon Mana Viper        Hex/Summ       79%        N/A       9%          5
 Yara's Violent Unravell  Hex/Tmut       39%        3d16      9%          5
 Airstrike                Air            25%        2d(4-20)  11%         4
 Manifold Assault         Tloc           50%        N/A       28%         5
 Summon Forest            Summ/Tloc      25%        N/A       28%         5
 Spellforged Servitor     Conj/Summ      53%        N/A       45%         7
 Enfeeble                 Hex            50%        N/A       58%         7
 Summon Cactus Giant      Summ           25%        N/A       85%         6
 Chain Lightning          Conj/Air       53%        3d70      100%        9
 Fire Storm               Conj/Fire      53%        8d13      100%        9
 Shatter                  Erth           25%        3d21*     100%        9


Dungeon Overview and Level Annotations

Branches:
Dungeon (12/15) Zot: 24855  Temple (1/1) D:5 Zot: 5810    Lair (3/5) D:8 Zot: 15797
  Snake (0/4) Lair:2          Orc (2/2) D:12 Zot: 7791     Elf (0/3) Orc:2
  IceCv (visited)
  Swamp: Lair:2-3    Shoals: Lair:2-3

Altars:
Ashenzari
Cheibriados
Dithmenos
Elyvilon
Fedhas
Gozag
Hepliaklqana
Kikubaaqudgha
Makhleb
Nemelex Xobeh
Okawaru
Qazlal
Ru
Sif Muna
Trog
Uskayaw
Vehumet
Wu Jian
Xom
Yredelemnul
Zin
The Shining One

Shops:
D:3 [   D:4 *:[   D:6 =   D:7 =   D:10 [   Orc:1 [*   Orc:2 ([((   Lair:1 =:


Message History

You conjure a prism of explosive energy!
A fulminant prism comes into view.
You feel sick.
You are no longer poisoned.
You take 1 damage, and have 13/88 hp.
You now have 4/32 mp.
Your fulminant prism crackles loudly.
Your fulminant prism explodes!
The blast of energy engulfs the swamp drake!!!
You kill the swamp drake!
You hear an angry hiss.
You hear a bellow!
You hear an angry hiss.
Found a dark potion.
You block the wyvern's attack.
There is a stone staircase leading up here.
Casting: Fulminant Prism (safe; 1% risk of failure)
Confirm with . or Enter, or press ? or * to list all spells.
You feel a surge of power!
You erupt in a blast of force!
The mystic blast hits the bush!!
The bush is moderately damaged.
The mystic blast hits the wyvern!
The wyvern is severely wounded.
The wyvern is knocked back by the mystic blast.
The wyvern slams into the rock wall!
The wyvern is severely wounded.
You hear an angry hiss.
A black mamba comes into view.
The wyvern bites you!
* * * LOW HITPOINT WARNING * * *
You take 9 damage, and have 7/88 hp.
You now have 3/32 mp.
Casting: Iskenderun's Mystic Blast (mildly dangerous; 1% risk of failure)
Confirm with . or Enter, or press ? or * to list all spells.
Aiming: Searing Ray (safe; 0% risk of failure)
Press: ? - help, Shift-Dir - straight line, f - wyvern
Aim: a wyvern (severely wounded, 83% to hit)
You feel a surge of power!
The searing ray hits the wyvern!
The wyvern is almost dead. (Press . to maintain the ray.)
The black mamba is distracted by your dazzling golden aura.
The wyvern bites you!
You die...
Your body crumbles into a pile of gold.

....... F....... ###
.........# ..#
..........##..##
...............#
...............##
................#
..S....#......#l@.P.P
...............#..#P#
..............P#..#
..................##
...$.........#.....#...
.......P#..............#
...$$..##S..............
...$.$###...............
.$$$$$.$................


You could see a black mamba (unaware) and a wyvern.

Vanquished Creatures
  Donald (Orc:2)
  2 orc warlords (Orc:2)
  Fannar (D:10)
  Erolcha (Orc:2)
  2 ironbound frosthearts (IceCv)
  3 two-headed ogres
  2 death yaks (IceCv)
  3 orc high priests (Orc:2)
  Urug (D:12)
  A hell knight (D:11)
  Amaemon (D:8)
  5 orc knights
  5 orc sorcerers (Orc:2)
  A deep elf pyromancer (D:12)
  An ugly thing (IceCv)
  2 cyclopes
  Maurice (D:8)
  4 elephants (Lair:1)
  Joseph (D:8)
  A black mamba (Lair:2)
  An ice statue (IceCv)
  An orange demon (D:8)
  A cane toad (Lair:2)
  Psyche (D:8)
  A kobold demonologist (D:11)
  3 komodo dragons
  An unseen horror (D:11)
  3 rime drakes
  2 ice devils (Lair:1)
  7 trolls
  A queen bee (shapeshifter) (D:11)
  12 polar bears
  7 blink frogs
  A hornet (D:8)
  6 slime creatures
  13 dream sheep (Lair:3)
  Sigmund (D:5)
  A wraith (D:12)
  3 shadows
  54 yaks
  A human (D:11)
  3 hogs (D:11)
  4 wyverns
  2 basilisks
  A fire elemental (D:11)
  A steam dragon (D:7)
  4 vampire mosquitoes
  5 wargs
  3 nagas (Lair:2)
  6 water moccasins
  A swamp drake (Lair:3)
  2 ice beasts
  38 orc warriors
  3 black bears
  3 ogres
  22 wolves
  A phantom (D:6)
  5 centaurs
  5 kobold brigands
  8 bullfrogs
  2 necrophages
  2 gnoll sergeants
  6 scorpions
  11 wights
  5 killer bees
  4 howler monkeys
  A lava snake (D:11)
  22 orc priests
  A gnoll bouda (D:7)
  4 hounds
  An iron imp (D:4)
  Jessica (D:2)
  3 iguanas
  23 orc wizards
  Natasha (thrice) (D:3)
  A hound skeleton (D:4)
  14 gnolls
  5 adders
  A white imp (D:5)
  A dart slug (D:5)
  84 orcs
  6 ball pythons
  3 bats
  8 endoplasms
  A giant cockroach (D:4)
  5 goblins
  8 hobgoblins
  31 kobolds
  4 quokkas
  3 frilled lizards
  7 rats
548 creatures vanquished.

Vanquished Creatures (collateral kills)
  A deep troll (Orc:2)
1 creature vanquished.

Vanquished Creatures (others)
  52 fulminant prisms
  34 fungi
  43 plants
129 creatures vanquished.

Grand Total: 678 creatures vanquished

Notes
Turn   | Place    | Note
-------+----------+-------------------------------------------
     0 | D:1      | Psyclone the Deep Elf Conjurer began the quest for the Orb.
     0 | D:1      | Reached XP level 1. HP: 10/10 MP: 6/6
   108 | D:1      | Identified 3 scrolls of acquirement
   108 | D:1      | Acquired the +2 shield of Resistance {rF++ rC++ Will++}
   108 | D:1      | Found the +2 shield of Resistance {rF++ rC++ Will++}
   114 | D:1      | Acquired the +2 pair of gloves of Limited Liability {rF++
                  | Int+8}
   140 | D:1      | Acquired the amulet of Zehiall {Reflect rElec Int+7 Dex-4
                  | SH+5}
   399 | D:1      | Reached XP level 2. HP: 15/15 MP: 6/8
   487 | D:1      | Found a faded altar of an unknown god.
   511 | D:1      | Reached skill level 1 in Shields
  1203 | D:1      | Learned a level 2 spell: Searing Ray
  1458 | D:2      | Reached XP level 3. HP: 19/19 MP: 4/9
  1614 | D:2      | Noticed Jessica
  1626 | D:2      | Killed Jessica
  2121 | D:2      | Learned a level 2 spell: Poisonous Vapours
  2212 | D:3      | Reached XP level 4. HP: 7/24 MP: 2/10
  2379 | D:3      | Noticed Natasha
  2382 | D:3      | Killed Natasha
  2603 | D:3      | Reached XP level 5. HP: 28/28 MP: 4/11
  2690 | D:3      | Noticed Natasha
  2700 | D:3      | Killed Natasha
  2725 | D:3      | Noticed Natasha
  2729 | D:3      | Killed Natasha
  2771 | D:3      | Found Ymmy Ciutu's Antique Armour Shoppe.
  3456 | D:4      | Found Gamycsypi's Antique Armour Boutique.
  3472 | D:4      | Reached XP level 6. HP: 32/32 MP: 4/12
  3501 | D:4      | Reached skill level 5 in Shields
  3603 | D:4      | Found Tuuwolaw's General Store.
  3777 | D:4      | Found a snail-covered altar of Cheibriados.
  3941 | D:4      | Found Koenoidu's Book Boutique.
  4098 | D:4      | Found a shadowy altar of Dithmenos.
  4163 | D:4      | Found a burning altar of Makhleb.
  4306 | D:4      | Reached XP level 7. HP: 36/36 MP: 7/14
  4534 | D:4      | Bought a runed helmet for 195 gold pieces
  4546 | D:5      | Entered Level 5 of the Dungeon
  4550 | D:5      | Noticed Sigmund
  4556 | D:5      | Killed Sigmund
  4557 | D:5      | Reached skill level 5 in Spellcasting
  4788 | D:5      | Reached skill level 1 in Poison Magic
  4793 | D:5      | Learned a level 4 spell: Olgreb's Toxic Radiance
  5019 | D:5      | Found a glowing silver altar of Zin.
  5535 | D:5      | Reached XP level 8. HP: 41/41 MP: 12/19
  5709 | D:5      | Found a staircase to the Ecumenical Temple.
  5718 | Temple   | Entered the Ecumenical Temple
  6218 | D:6      | Reached skill level 5 in Conjurations
  6513 | Temple   | Became a worshipper of Gozag Ym Sagoz the Greedy
  6652 | D:6      | Reached skill level 6 in Conjurations
  6761 | D:6      | Acquired 908 gold pieces
  6877 | D:6      | Reached skill level 5 in Poison Magic
  7881 | D:7      | Found Dackej's Jewellery Shoppe.
  7906 | D:7      | Reached skill level 1 in Fighting
  8054 | D:7      | Found a hazy altar of Hepliaklqana.
  8147 | D:7      | Reached XP level 9. HP: 48/48 MP: 13/20
  8466 | D:7      | Reached skill level 5 in Dodging
  9119 | D:8      | Noticed Amaemon
  9125 | D:8      | Noticed an orange demon
  9137 | D:8      | Killed an orange demon
  9157 | D:8      | Killed Amaemon
  9161 | D:8      | Reached XP level 10. HP: 7/58 MP: 2/21
  9498 | D:8      | Noticed Psyche
  9509 | D:8      | Killed Psyche
  9587 | D:8      | Found a stormy altar of Qazlal.
  9608 | D:8      | Noticed Joseph
  9618 | D:8      | Killed Joseph
  9619 | D:8      | Reached skill level 5 in Fighting
 10031 | D:8      | Noticed Maurice
 10205 | D:8      | Killed Maurice
 10516 | D:8      | Found a staircase to the Lair.
 10841 | D:9      | Found a sacrificial altar of Ru.
 10912 | D:9      | Noticed a two-headed ogre
 10927 | D:9      | Killed a two-headed ogre
 11025 | D:9      | Found an iron altar of Okawaru.
 11025 | D:9      | Found a shimmering altar of Xom.
 11087 | D:9      | Found a broken altar of Ashenzari.
 11421 | D:9      | Noticed a two-headed ogre
 11429 | D:9      | Killed a two-headed ogre
 11430 | D:9      | Reached XP level 11. HP: 42/66 MP: 7/22
 11715 | D:10     | Entered Level 10 of the Dungeon
 11967 | D:10     | Reached skill level 10 in Dodging
 12470 | D:10     | Noticed Fannar
 12484 | D:10     | Killed Fannar
 13123 | D:10     | Learned a level 2 spell: Blink
 13128 | D:10     | Learned a level 4 spell: Fulminant Prism
 13133 | D:10     | Learned a level 4 spell: Iskenderun's Mystic Blast
 13394 | D:11     | Noticed a two-headed ogre
 13412 | D:11     | Killed a two-headed ogre
 13413 | D:11     | Reached skill level 10 in Shields
 13761 | D:11     | Noticed a hell knight
 13954 | D:3      | Bought a pair of embroidered boots for 187 gold pieces
 14506 | D:11     | Killed a hell knight
 14706 | D:12     | Noticed Urug
 14722 | D:12     | Killed Urug
 14792 | D:12     | Found a staircase to the Orcish Mines.
 14878 | D:12     | Reached XP level 12. HP: 76/76 MP: 19/23
 15219 | D:12     | Reached skill level 10 in Fighting
 15229 | D:12     | Reached skill level 1 in Hexes
 15448 | D:12     | Reached skill level 5 in Hexes
 16707 | Orc:1    | Entered Level 1 of the Orcish Mines
 17055 | Orc:1    | Found Uwankog's General Store.
 17259 | Orc:1    | You are sucked into a shaft and drop 1 floor!
 17259 | Orc:2    | Entered Level 2 of the Orcish Mines
 17307 | Orc:2    | Noticed an orc warlord
 17334 | Orc:2    | Killed an orc warlord
 17335 | Orc:2    | Reached skill level 10 in Spellcasting
 17339 | Orc:2    | Noticed an orc high priest
 17356 | Orc:2    | Killed an orc high priest
 17433 | Orc:2    | Found Zoahoj's Weapon Boutique.
 17461 | Orc:2    | HP: 1/115 [deep troll (16)]
 17855 | Orc:2    | Reached skill level 7 in Conjurations
 17863 | Orc:2    | Noticed Erolcha
 17876 | Orc:2    | Killed Erolcha
 18359 | Orc:2    | Noticed an orc high priest
 18369 | Orc:2    | Reached XP level 13. HP: 17/82 MP: 8/29
 18757 | Orc:1    | Found a shimmering altar of Xom.
 18864 | Orc:2    | Noticed Donald
 19114 | Orc:2    | Killed Donald
 19115 | Orc:2    | Reached skill level 8 in Conjurations
 19695 | Orc:2    | Found a staircase to the Elven Halls.
 19733 | Orc:2    | Noticed an orc warlord
 19739 | Orc:2    | Reached skill level 9 in Conjurations
 19747 | Orc:2    | Killed an orc warlord
 20273 | Orc:2    | Found Goaph's Antique Armour Emporium.
 20275 | Orc:2    | Found Bueli's Antique Weapon Shoppe.
 20290 | Orc:2    | Bought a buzzing hat for 270 gold pieces
 20290 | Orc:2    | Identified the +1 hat "Ucuef" {Will+ Slay+3 Stlth+} (You
                  | bought it in a shop on level 2 of the Orcish Mines)
 20665 | Orc:2    | Reached skill level 10 in Poison Magic
 20694 | Orc:2    | Found Lueshr Buat's Antique Weapon Emporium.
 20983 | Lair:1   | Entered Level 1 of the Lair of Beasts
 21007 | Lair:1   | Reached skill level 10 in Conjurations
 21270 | Lair:1   | Found a frozen archway.
 21406 | IceCv    | Entered an ice cave
 22210 | IceCv    | Reached skill level 11 in Conjurations
 23256 | IceCv    | Reached XP level 14. HP: 18/88 MP: 20/32
 23554 | IceCv    | Reached skill level 12 in Conjurations
 24004 | Lair:1   | Bought a book of Dangerous Friends for 560 gold pieces
 24013 | Lair:1   | Learned a level 7 spell: Orb of Destruction
 24017 | Lair:1   | Learned a level 3 spell: Swiftness
 24274 | Lair:2   | Found a staircase to the Snake Pit.
 24638 | Lair:2   | Reached skill level 13 in Conjurations
 25364 | Lair:3   | Slain by a wyvern

Illustrated notes

Levels and vault maps discovered:
D:1:      minmay_arrival_hallway, layout_loops_corners, basic_ecumenical_altar,
          minmay_unequal
D:2:      layout_loops_ring, uniq_jessica
D:3:      layout_basic, serial_shops, nicolae_shop_advertising_works
          [nicolae_subvault_shop_adworks], minmay_shallow_snake_nest,
          uniq_natasha
D:4:      layout_rooms, grunt_dithmenos_smoke_and_mirrors,
          makhleb_blood_cavern_becter, slow_altar_1, serial_shops,
          nicolae_square_shop, nicolae_shop_temple_entry_statues_fountains,
          kennysheep_mini_moat, chequers_serial_rivers_large_a,
          minmay_fractal_squares_gapless_5
D:5:      layout_layer_cave, mainiacjoe_overflow_cross_hatched,
          lemuel_temple_firewalk_b, uniq_sigmund
D:6:      layout_basic
D:7:      layout_basic, nicolae_hepliaklqana_hazy_memory, serial_shops,
          nicolae_stop_n_shop_2
D:8:      layout_basic, nicolae_qazlal_style_of_elements,
          grunt_lair_entry_orc_guard_hut, uniq_amaemon, uniq_psyche,
          uniq_joseph, uniq_maurice
D:9:      layout_roguey, nicolae_overflow_crystal_walls,
          gammafunk_temple_overflow_claw
D:10:     layout_loops_ring, uniq_fannar
D:11:     layout_long_grid, grunt_livestock, kennysheep_island_fort
D:12:     layout_basic, orc_0_dummy, serial_glass, glass_columns_a,
          glass_columns_a, glass_columns_a, glass_columns_a, glass_columns_a,
          glass_columns_a, uniq_urug
Temple:   nicolae_temple_bog_church
Lair:1:   layout_loops_ring, portal_ice_cave_demonic_guard, grunt_megastairs_2
Lair:2:   layout_roguey, guppyfry_snake_entry_island
Lair:3:   layout_cave_shapes, minmay_swamp_entry_reptiles, uniq_sonja
Orc:1:    layout_caves, basic_altar, serial_shops, nicolae_shop_waterfront
Orc:2:    grunt_orc_community_town_hall, layout_diamond_mine,
          grunt_orc_community_big_house_2, grunt_orc_community_big_house_2,
          grunt_orc_community_house_3, grunt_orc_community_house_1,
          grunt_orc_community_house_3, grunt_orc_community_house_1,
          guppyfry_orc_lava_fort, uniq_donald, uniq_erolcha

Skill      XL: |  1  2  3  4  5  6  7  8  9 10 11 12 13 14 |
---------------+-------------------------------------------+-----
Shields        | 2 3 4 6 7 9 10 | 10.0
Spellcasting   | 6 10 12 | 12.0
Poison Magic   | 4 6 7 10 | 10.0
Conjurations   | 6 7 11 13 | 13.9
Dodging        | 4 7 9 10 | 10.0
Fighting       | 1 4 6 9 10 | 10.0
Hexes          | 6 |  6.0
Stealth        | |  2.5

Action                   |  1- 3 |  4- 6 |  7- 9 | 10-12 | 13-15 || total
-------------------------+-------+-------+-------+-------+-------++-------
Melee: Dagger            |     6 |     3 |    31 |   135 |   201 ||   376
 Cast: Magic Dart        |    41 |    66 |    54 |    33 |     5 ||   199
       Searing Ray       |     3 |    14 |    48 |    78 |    20 ||   163
       Olgreb's Toxic Ra |       |       |       |    57 |    88 ||   145
       Poisonous Vapours |       |       |       |    34 |    24 ||    58
       Fulminant Prism   |       |       |       |    26 |    26 ||    52
       Iskenderun's Myst |       |       |       |     1 |     7 ||     8
       Blink             |       |       |       |     5 |     2 ||     7
Invok: Call Merchant     |       |       |     1 |     2 |     2 ||     5
Evoke: Wand              |       |       |       |       |     3 ||     3
  Use: Scroll            |     3 |       |     1 |     4 |     6 ||    14
       Potion            |       |       |       |    15 |     3 ||    18
 Stab: Sleeping          |       |       |     1 |     1 |     1 ||     3
       Distracted        |       |       |       |     1 |       ||     1
Armor: Robe              |     3 |     1 |     9 |    44 |    64 ||   121
       Skin              |       |       |       |    10 |       ||    10
Dodge: Dodged            |     1 |     1 |    37 |    93 |   120 ||   252
Block: Kite shield       |     5 |    11 |    95 |   291 |   283 ||   685
       Reflection        |       |       |     4 |    21 |     6 ||    31
